 Dungeon Crawl Stone Soup version 0.25.1-8-g42b30a86e7 (webtiles) character file.

Game seed: 5818053106890021993

33515 KamiKatze the Carver (level 14, -8/145 HPs)
             Began as a Halfling Berserker on Dec 4, 2020.
             Was a High Priest of Trog.
             Mangled by a six-headed hydra (11 damage)
             ... on level 3 of the Lair of Beasts on Dec 7, 2020.
             The game lasted 01:15:17 (15366 turns).

KamiKatze the Carver (Halfling Berserker)          Turns: 15366, Time: 01:15:17

Health: -8/145     AC: 20    Str: 22    XL:     14   Next: 8%
Magic:  15/15      EV: 17    Int:  5    God:    Trog [*****.]
Gold:   858        SH:  0    Dex: 15    Spells: 13/13 levels left

rFire    . . .     SeeInvis +   w - +0 morningstar
rCold    . . .     Gourm    .   (shield restricted)
rNeg     + . .     Faith    .   B - +0 chain mail {rPois}
rPois    +         Spirit   .   l - +2 helmet
rElec    +         Reflect  .   v - +1 cloak
rCorr    +         Harm     .   S - +0 pair of gloves of the Alphagorgon {rElec rCorr}
MR       +....                  Z - +0 pair of boots
Stlth    ..........             O - amulet "Seqiem" {Acrobat rN+}
HPRegen  0.34/turn              R - +4 ring of slaying
MPRegen  0.14/turn              s - ring of see invisible

@: berserking, very quick
A: small, mutation resistance 1
a: Berserk, Trog's Hand, Brothers in Arms, Renounce Religion


You were on level 3 of the Lair of Beasts.
You worshipped Trog.
Trog was extremely pleased with you.
You were very hungry.

You visited 3 branches of the dungeon, and saw 15 of its levels.
You also visited: Gauntlet.

You collected 1030 gold pieces.
You spent 172 gold pieces at shops.

Inventory:

Hand Weapons
 a - a +1 scimitar
 t - a +0 hunting sling
 w - a +0 morningstar (weapon)
 E - a +0 vorpal double sword
 N - a +0 long sword
Missiles
 b - 121 sling bullets
 e - 39 poisoned darts (quivered)
 h - 394 stones
 x - 3 boomerangs
 L - 5 throwing nets
Armour
 l - a +2 helmet (worn)
 v - a +1 cloak (worn)
 B - a +0 chain mail of poison resistance (worn)
 S - the +0 pair of gloves of the Alphagorgon (worn) {rElec rCorr}
   (You found it on level 7 of the Dungeon)

   It insulates you from electricity.
   It provides partial protection from all sources of acid and corrosion.
 Z - a +0 pair of boots (worn)
Jewellery
 g - an uncursed ring of resist corrosion
 s - a ring of see invisible (right hand)
 C - an uncursed ring of ice
 H - an uncursed ring of flight
 O - the amulet "Seqiem" (around neck) {Acrobat rN+}
   (You took it off an orc on level 8 of the Dungeon)

   [amulet of the acrobat]

   It helps you evade while moving and waiting.
   It protects you from negative energy.
 R - a +4 ring of slaying (left hand)
Wands
 f - a wand of polymorph (4)
 p - a wand of acid (17)
 F - a wand of iceblast (10)
 U - a wand of flame (33)
 V - a wand of paralysis (4)
Scrolls
 d - 8 scrolls of teleportation
 k - a scroll of blinking
 y - 16 scrolls of remove curse
 z - a scroll of fog
 G - 2 scrolls of enchant weapon
 I - 3 scrolls of fear
 T - 2 scrolls of magic mapping
 X - a scroll of silence
Potions
 j - a potion of flight {unknown}
 m - 6 potions of lignification
 n - 2 potions of cancellation
 o - a potion of ambrosia {unknown}
 q - 2 potions of might {unknown}
 r - 2 potions of berserk rage {unknown}
 u - 2 potions of heal wounds
 A - 4 potions of stabbing
 D - 3 potions of haste
 M - 3 potions of curing
 W - a potion of magic
Comestibles
 c - 17 rations
 i - 15 chunks of flesh


   Skills:
 + Level 9.2 Fighting
 + Level 14.9 Long Blades
 - Level 4.0 Maces & Flails
 + Level 10.6 Armour
 + Level 10.6 Dodging
 - Level 2.0 Evocations


You had 13 spell levels left.
You didn't know any spells.
Your spell library was empty.

Dungeon Overview and Level Annotations

Branches:
Dungeon (11/15)            Temple (1/1) D:5            Lair (3/6) D:9
  Snake (0/4) Lair:3      Gauntlet (visited)
  Swamp: Lair:2-4    Shoals: Lair:2-4       Orc: D:9-12

Altars:
Ashenzari
Cheibriados
Dithmenos
Elyvilon
Fedhas
Gozag
Hepliaklqana
Kikubaaqudgha
Makhleb
Nemelex Xobeh
Okawaru
Qazlal
Ru
Sif Muna
Trog
Uskayaw
Vehumet
Wu Jian
Xom
Yredelemnul
Zin
The Shining One

Shops:
D:4 =   D:6 }[[(*   D:9 *[=}:

Annotations:
Lair:2 exclusion: oklob plant


Innate Abilities, Weirdness & Mutations

You are small and have problems with some larger weapons.
You are somewhat resistant to further mutation.


Message History

The six-headed hydra completely misses you.
The six-headed hydra bites you but does no damage.
Your chain mail prevents you from hitting the six-headed hydra.
The six-headed hydra is severely wounded.
The six-headed hydra bites you but does no damage.
The six-headed hydra completely misses you.
The six-headed hydra bites you but does no damage.
The six-headed hydra bites you.
* * * LOW HITPOINT WARNING * * *
The six-headed hydra misses you. The six-headed hydra bites you!
* * * LOW HITPOINT WARNING * * *
You sock the six-headed hydra!
The six-headed hydra is almost dead.
The six-headed hydra bites you but does no damage. x2
The six-headed hydra misses you. The six-headed hydra bites you!
* * * LOW HITPOINT WARNING * * *
The six-headed hydra bites you.
* * * LOW HITPOINT WARNING * * *
The six-headed hydra bites you!
You die...

..#...## ##.####..P...###
.......####........#)....#
.............##..##.....##
#...........####........#
..P.......P#.###.......##
..#..........??.......##
........####......#.###
......#.####........#
..........##...D@..<#
....................#*
.....#.....#...|...#.#
...................###
..............[...##
..#......##....####
>......####.....#
.......## ##.#.##
........# *..###


You could see a six-headed hydra.

Vanquished Creatures
  Josephine (D:10)
  Harold (D:9)
  2 hydras
  A queen ant (Lair:2)
  3 two-headed ogres
  An unseen horror (D:10)
  An ugly thing (D:11)
  3 elephants (Lair:3)
  Maurice (D:9)
  Psyche (D:9)
  4 spiny frogs
  5 komodo dragons
  A polar bear (Lair:2)
  A troll (D:8)
  A hornet (D:8)
  4 blink frogs (Lair:3)
  4 hippogriffs
  A human (D:7)
  A wyvern (D:11)
  22 yaks
  3 wraiths (D:10)
  4 hogs (D:7)
  A steam dragon (D:10)
  A hungry ghost (D:7)
  5 soldier ants (Lair:2)
  16 water moccasins
  4 porcupines
  3 ice beasts
  A hornet zombie (D:11)
  3 orc warriors
  4 sky beasts
  3 black bears
  4 ogres
  A phantom (D:10)
  5 crocodiles
  7 centaurs
  A big kobold (D:8)
  11 bullfrogs
  A wyvern skeleton (D:10)
  4 scorpions
  15 killer bees
  5 howler monkeys
  9 crimson imps
  2 centaur zombies
  An orc priest (D:9)
  4 jellies
  5 hounds
  2 bullfrog skeletons (D:9)
  A centaur skeleton (D:7)
  An iguana (D:8)
  3 orc wizards
  8 worker ants
  A hound zombie (D:8)
  A hound skeleton (D:7)
  A worker ant zombie (D:10)
  Robin (D:2)
  10 adders
  5 gnolls
  2 shadow imps
  An ooze (D:1)
  2 adder zombies
  2 adder skeletons (D:8)
  2 worms
  2 dart slugs
  8 leopard geckos
  16 orcs
  3 ball pythons
  6 giant cockroaches
  11 hobgoblins
  30 jackals
  6 quokkas
  9 bats
  A frilled lizard (D:1)
  16 goblins
  17 kobolds
  13 rats
363 creatures vanquished.

Vanquished Creatures (collateral kills)
  An adder (Lair:3)
1 creature vanquished.

Vanquished Creatures (others)
  An orc wizard (D:9)
  8 fungi (Lair:3)
  12 plants (Lair:3)
21 creatures vanquished.

Grand Total: 385 creatures vanquished

Notes
Turn   | Place    | Note
-------+----------+-------------------------------------------
     0 | D:1      | KamiKatze the Halfling Berserker began the quest for the
                  | Orb.
     0 | D:1      | Reached XP level 1. HP: 15/15 MP: 1/1
    79 | D:1      | Reached XP level 2. HP: 14/20 MP: 2/2
   346 | D:1      | Reached ** piety under Trog
   347 | D:1      | Reached XP level 3. HP: 15/25 MP: 3/3
   694 | D:1      | You fall into a shaft and drop 1 floor!
   725 | D:2      | Reached XP level 4. HP: 31/31 MP: 4/4
   857 | D:2      | Noticed Robin
   874 | D:2      | Killed Robin
   885 | D:2      | Reached skill level 4 in Long Blades
  1257 | D:2      | Found a basalt altar of Yredelemnul.
  1455 | D:2      | Found a shattered altar of Ashenzari.
  1480 | D:2      | Reached XP level 5. HP: 36/36 MP: 5/5
  1513 | D:2      | Reached *** piety under Trog
  2351 | D:3      | Found a stormy altar of Qazlal.
  2370 | D:3      | You fall into a shaft and drop 3 floors!
  2370 | D:6      | Found Uqulosoi's Gadget Emporium.
  2485 | D:6      | Noticed a black bear
  2495 | D:6      | Killed a black bear
  2495 | D:6      | Reached XP level 6. HP: 42/42 MP: 6/6
  2565 | D:6      | Found Eruraipt's Armour Boutique.
  2591 | D:6      | Noticed a sky beast
  2619 | D:6      | Killed a sky beast
  2743 | D:6      | Reached skill level 5 in Long Blades
  2748 | D:6      | Noticed a sky beast
  2765 | D:6      | Killed a sky beast
  2765 | D:6      | Reached XP level 7. HP: 35/47 MP: 7/7
  3121 | D:6      | Found Huxzelilli's Antique Weapon Boutique.
  3129 | D:6      | Found Icahot's Assorted Antiques.
  3134 | D:6      | Bought a bubbling grey potion for 20 gold pieces
  3134 | D:6      | Bought a scroll labeled JAOLIBEPPU for 23 gold pieces
  3134 | D:6      | Bought a scroll labeled NEISSOE BIFUTY for 23 gold pieces
  3134 | D:6      | Bought a fuming white potion for 20 gold pieces
  3136 | D:5      | Entered Level 5 of the Dungeon
  3533 | D:3      | Found a burning altar of Makhleb.
  3534 | D:3      | Found a shimmering altar of Xom.
  3677 | D:3      | Found an ornate altar of the Wu Jian Council.
  3776 | D:4      | Found Rewagamn's Jewellery Emporium.
  3950 | D:4      | Reached **** piety under Trog
  4144 | D:5      | Found a staircase to the Ecumenical Temple.
  4165 | Temple   | Entered the Ecumenical Temple
  4341 | D:5      | Noticed a moth of wrath
  4350 | D:5      | Found a basalt altar of Yredelemnul.
  4637 | D:5      | Reached skill level 6 in Long Blades
  4637 | D:5      | Reached XP level 8. HP: 54/54 MP: 8/8
  4689 | D:5      | Found a bloodstained altar of Trog.
  5478 | D:6      | Found Ajypamis's Antique Armour Emporium.
  6102 | D:7      | Reached skill level 5 in Armour
  6102 | D:7      | Reached skill level 5 in Dodging
  6413 | D:6      | Reached skill level 7 in Long Blades
  6775 | D:6      | Reached skill level 5 in Fighting
  6868 | D:6      | Reached XP level 9. HP: 41/61 MP: 9/9
  7359 | D:7      | Got a pair of scorched gloves
  7370 | D:7      | Identified the +0 pair of gloves of the Alphagorgon {rElec
                  | rCorr} (You found it on level 7 of the Dungeon)
  7433 | D:7      | Reached skill level 8 in Long Blades
  7668 | D:7      | Found a hazy altar of Hepliaklqana.
  7974 | D:7      | Found a hide-covered altar of Uskayaw.
  8083 | D:8      | Reached XP level 10. HP: 68/68 MP: 10/10
  8114 | D:8      | Reached skill level 9 in Long Blades
  8227 | D:8      | Paralysed by a hornet for 3 turns
  8429 | D:8      | Identified the amulet "Seqiem" {Acrobat rN+}
  8460 | D:8      | Reached ***** piety under Trog
  8997 | D:9      | Found Dedueceli's Assorted Antiques.
  9008 | D:9      | Bought a fuming green potion for 20 gold pieces
  9008 | D:9      | Bought a scroll labeled NEISSOE BIFUTY for 23 gold pieces
  9008 | D:9      | Bought a scroll labeled DUIVAR YGYO for 23 gold pieces
  9008 | D:9      | Bought a sedimented sapphire potion for 20 gold pieces
  9052 | D:9      | Noticed Harold
  9085 | D:9      | Killed Harold
  9085 | D:9      | Reached skill level 10 in Long Blades
  9124 | D:9      | Found Wutoczewk's Gadget Shoppe.
  9149 | D:9      | Found Impaokog's Jewellery Emporium.
  9161 | D:9      | Found Fedari's Antique Armour Shop.
  9163 | D:9      | Found a staircase to the Lair.
  9217 | D:9      | Noticed Psyche
  9226 | D:9      | Killed Psyche
  9294 | D:9      | Reached XP level 11. HP: 70/74 MP: 11/11
  9482 | D:9      | Received a gift from Trog
  9558 | D:9      | Found Exton's Book Shop.
  9614 | D:9      | Noticed Maurice
  9651 | D:9      | Killed Maurice
  9799 | D:10     | Entered Level 10 of the Dungeon
  9956 | D:10     | Noticed an unseen horror
  9972 | D:10     | Killed an unseen horror
 10063 | D:10     | Reached skill level 11 in Long Blades
 10141 | D:10     | Noticed Josephine
 10150 | D:10     | Killed Josephine
 10236 | D:10     | Noticed a two-headed ogre
 10251 | D:10     | Killed a two-headed ogre
 10577 | D:10     | Noticed a two-headed ogre
 10591 | D:10     | Killed a two-headed ogre
 10897 | D:11     | Noticed a purple ugly thing
 10908 | D:11     | Killed a purple ugly thing
 10908 | D:11     | Reached XP level 12. HP: 82/82 MP: 12/12
 10960 | D:10     | Reached skill level 14 in Long Blades
 10960 | D:10     | Reached XP level 13. HP: 77/88 MP: 13/13
 11480 | Lair:1   | Entered Level 1 of the Lair of Beasts
 12628 | Lair:2   | Reached skill level 1 in Evocations
 12666 | Lair:2   | Reached skill level 1 in Maces & Flails
 12667 | Lair:2   | Noticed an eight-headed hydra
 12709 | Lair:2   | Killed an eight-headed hydra
 13176 | Lair:2   | Reached skill level 10 in Dodging
 13436 | Lair:2   | Got a fading morningstar
 13437 | Lair:2   | Identified the +0 morningstar of Neusesi {pain, Str+2
                  | Int+5} (You found it on level 2 of the Lair of Beasts)
 13768 | Lair:3   | Noticed a seven-headed hydra
 13927 | Lair:3   | Reached skill level 10 in Armour
 13969 | Lair:3   | Found a staircase to the Snake Pit.
 13986 | Lair:3   | Found a gate leading to a gauntlet.
 13995 | Gauntlet | Entered a Gauntlet
 13995 | Gauntlet | Found a runed translucent door.
 13995 | Gauntlet | Found a transporter.
 13995 | Gauntlet | Found a runed translucent door.
 13995 | Gauntlet | Found a transporter.
 14007 | Gauntlet | Found a transporter.
 14024 | Gauntlet | Found a transporter.
 14024 | Gauntlet | Found a transporter.
 14026 | Gauntlet | Found a transporter.
 14027 | Gauntlet | Found a transporter.
 14027 | Gauntlet | Found a transporter.
 14029 | Gauntlet | Noticed a blizzard demon
 14031 | Gauntlet | Found a runed translucent door.
 14037 | Gauntlet | Noticed a blizzard demon
 14038 | Gauntlet | Found a runed translucent door.
 14040 | Gauntlet | Found a transporter.
 14057 | Gauntlet | Found a transporter.
 14067 | Gauntlet | Found a transporter.
 14075 | Gauntlet | Found a transporter.
 14118 | Gauntlet | Found a transporter.
 14132 | Gauntlet | Found a transporter.
 14393 | Lair:3   | Killed a seven-headed hydra
 14889 | Lair:3   | Noticed a six-headed hydra
 15223 | Lair:3   | Reached XP level 14. HP: 95/97 MP: 15/15
 15366 | Lair:3   | HP: 3/145 [six-headed hydra (6)]
 15366 | Lair:3   | Mangled by a six-headed hydra

Illustrated notes

Levels and vault maps discovered:
D:1:      saegor_arrival_miasma, layout_loops_ring
D:2:      layout_basic, ashenzari_conservatory_becter, serial_aquarium,
          aquarium_bridge_square [aquarium_subvault_balcony,
          aquarium_subvault_bridge, aquarium_subvault_window,
          aquarium_subvault_bridge], aquarium_window_fake, aquarium_window_1,
          aquarium_window_fake, aquarium_window_2, aquarium_view_2b,
          aquarium_balcony_3a, aquarium_pool_1, lemuel_statue_altar, uniq_robin
D:3:      layout_rooms, grunt_temple_overflow_champion_of_chaos,
          lemuel_doored_altar, grunt_qazlal_clouds, first_ration
D:4:      layout_rooms, serial_shops, shop, minmay_circle_x
D:5:      layout_layer_cave, old_standard_altar, temple_statues, tgw_trog
D:6:      layout_loops_ring, serial_shops, nicolae_shop_window_shopping,
          nicolae_shop_statue_plus, nicolae_shop_trees, shop, shop,
          dk_rats_in_the_wall
D:7:      layout_cave_pools, nicolae_overflow_crystal_walls, old_standard_altar,
          grunt_livestock
D:8:      layout_cave_pools
D:9:      layout_rooms, lair_entry_dummy, serial_shops,
          nicolae_shop_statue_plus, nicolae_shop_competitors_out_of_business,
          shop, nicolae_shop_overgrown_old_shop, nicolae_shop_trees,
          minmay_misc_feat_chi, uniq_harold, uniq_maurice, uniq_psyche
D:10:     layout_loops_cross, kennysheep_generic_room_5, uniq_josephine
D:11:     layout_roguey, erik_orc_2, minmay_shattered_shrine
Temple:   eino_temple_lava
Lair:1:   layout_chaotic_city
Lair:2:   layout_small_grid, wad_woods_antlair, minmay_lair_oklob_chamber
Lair:3:   layout_misc_corridors, minmay_snake_entry_six_corridors, serial_bayou,
          serial_bayou_pond_d, serial_bayou_shore_b, serial_bayou_crossing,
          serial_bayou_shore_a, gauntlet_entry_generic, lemuel_fruit_fields

Skill      XL: |  1  2  3  4  5  6  7  8  9 10 11 12 13 |
---------------+----------------------------------------+-----
Fighting       | 3 4 5 6 8 9 |  9.2
Long Blades    | 4 5 6 7 8 10 11 14 | 14.9
Dodging        | 3 4 5 6 8 9 10 | 10.6
Armour         | 3 4 5 6 7 9 10 | 10.6
Evocations     | 2 |  2.0
Maces & Flails | 4 |  4.0

Action                   |  1- 3 |  4- 6 |  7- 9 | 10-12 | 13-15 || total
-------------------------+-------+-------+-------+-------+-------++-------
Melee: Falchion          |   106 |   147 |   344 |       |       ||   597
       Long sword        |       |       |    69 |   428 |    85 ||   582
       Scimitar          |       |       |       |       |   387 ||   387
       Flail             |       |       |       |       |     6 ||     6
       Morningstar       |       |       |       |       |    16 ||    16
Throw: Dart              |       |       |       |    14 |    10 ||    24
Invok: Berserk           |       |     2 |     4 |     7 |     3 ||    16
       Trog's Hand       |       |       |       |     2 |     4 ||     6
  Use: Scroll            |       |       |       |    14 |    12 ||    26
       Potion            |       |       |       |     1 |       ||     1
 Stab: Sleeping          |       |     1 |       |       |       ||     1
  Eat: Chunk             |       |     6 |    11 |    17 |    15 ||    49
       Ration            |       |     1 |     3 |       |     1 ||     5
Armor: Robe              |    21 |    30 |       |       |       ||    51
       Animal skin       |     1 |       |       |       |       ||     1
       Ring mail         |       |    18 |   167 |    53 |       ||   238
       Chain mail        |       |       |       |    79 |   188 ||   267
Dodge: Dodged            |   106 |   114 |   427 |   313 |   428 ||  1388
       Rpst.: Falchion   |    26 |    36 |   119 |       |       ||   181
       Long sword        |       |       |    17 |    86 |    12 ||   115
       Scimitar          |       |       |       |       |    90 ||    90
